 Dungeon Crawl Stone Soup version 0.27.0-1-g7a089689b8 (webtiles) character file.

Game seed: 2232785285687824164

984 gimp the Cudgeller (level 7, -1/56 HPs)
             Began as a Mummy Warper on Aug 10, 2021.
             Was a Follower of Cheibriados.
             Slain by a wight (9 damage)
             ... on level 6 of the Dungeon.
             The game lasted 00:11:11 (5892 turns).

gimp the Cudgeller (Mummy Warper)                   Turns: 5892, Time: 00:11:12

Health: -1/56      AC: 10    Str: 18    XL:     7   Next: 97%
Magic:  11/11      EV: 11    Int: 15    God:    Cheibriados [*.....]
Gold:   264        SH:  0    Dex: 13    Spells: 11/11 levels left

rFire    x . .     SeeInvis +   a - +1 morningstar (drain)
rCold    + . .     Faith    .   (no shield)
rNeg     + + +     Spirit   .   u - +0 chain mail
rPois    ∞         Reflect  .   d - +0 hat {SInv}
rElec    .         Harm     .   p - +0 cloak {rPois}
rCorr    .         Rampage  .   (no gloves)
Will     .....                  q - +0 pair of boots
Stlth    ..........             n - amulet of the acrobat
HPRegen  0.18/turn              i - +4 ring of slaying
MPRegen  0.12/turn              r - +4 ring of evasion

@: very slow
A: cold resistance 1, negative energy resistance 3, torment resistance 2, heat
vulnerability 1, no potions
a: Renounce Religion, Bend Time


You were on level 6 of the Dungeon.
You worshipped Cheibriados.
Cheibriados was aware of your devotion.
You visited 2 branches of the dungeon, and saw 7 of its levels.

You collected 265 gold pieces.
You spent 1 gold pieces at shops.

Inventory:

Hand Weapons
 a - a +1 morningstar of draining (weapon)
 b - a +0 hunting sling of freezing
 c - a +0 mace
Missiles
 m - 270 stones (quivered)
 w - 8 boomerangs
Armour
 d - a +0 hat of see invisible (worn)
 f - a +0 scale mail
 l - a +0 leather armour
 p - a +0 cloak of poison resistance (worn)
 q - a +0 pair of boots (worn)
 u - a +0 chain mail (worn)
Jewellery
 i - a +4 ring of slaying (left hand)
 n - an amulet of the acrobat (around neck)
 r - a +4 ring of evasion (right hand)
 t - a ring of flight
 v - a ring of willpower
Scrolls
 e - 2 scrolls of amnesia
 g - 2 scrolls of enchant weapon
 h - 6 scrolls of teleportation
 j - a scroll of vulnerability
 k - 2 scrolls of fear
 o - a scroll of magic mapping
 s - 3 scrolls of identify


   Skills:
 - Level 5.0 Fighting
 * Level 6.8 Maces & Flails
 - Level 0.7 Throwing
 - Level 0.7 Armour
 - Level 1.5 Dodging
 - Level 2.6 Spellcasting
 - Level 2.4 Translocations


You had 11 spell levels left.
You didn't know any spells.
Your spell library contained the following spells:

 Spells                   Type           Power      Damage    Failure   Level
 Blink                    Tloc           N/A        N/A       86%         2
 Animate Skeleton         Necr           4%         N/A       97%         1
 Magic Dart               Conj           8%         1d3       97%         1
 Pain                     Necr           8%         1d4       97%         1
 Gell's Gravitas          Tloc           4%         N/A       98%         3
 Lesser Beckoning         Tloc           4%         N/A       98%         3
 Teleport Other           Tloc           9%         N/A       98%         3
 Call Imp                 Summ           2%         N/A       99%         2
 Mephitic Cloud           Conj/Pois/Air  2%         N/A       100%        3
 Vampiric Draining        Necr           1%         2d6       100%        3
 Freezing Cloud           Conj/Ice/Air   1%         6-21      100%        5
 Manifold Assault         Tloc           9%         N/A       100%        5
 Simulacrum               Ice/Necr       1%         N/A       100%        6
 Polar Vortex             Ice            1%         N/A       100%        9


Dungeon Overview and Level Annotations

Branches:
Dungeon (6/15)             Temple (1/1) D:4

Altars:
Ashenzari
Cheibriados
Dithmenos
Elyvilon
Fedhas
Gozag
Hepliaklqana
Kikubaaqudgha
Makhleb
Nemelex Xobeh
Okawaru
Qazlal
Ru
Sif Muna
Trog
Uskayaw
Vehumet
Wu Jian
Xom
Yredelemnul
Zin
The Shining One

Shops:
D:5 *


Innate Abilities, Weirdness & Mutations

You are immune to poison.
Your flesh is cold resistant. (rC+)
You are immune to negative energy. (rN+++)
You are immune to unholy pain and torment.
You are vulnerable to heat. (rF-)
You do not drink.


Message History

Cheibriados thoroughly appreciates the change of pace.
The wight hits you from afar with a +2 trident of freezing.
You take 5 damage, and have 38/56 hp.
The wight barely misses you. The wight misses you.
Things that are here:
a +0 hand axe; an orc corpse You closely miss the wight.
The wight hits you with a +2 trident of freezing!
The wight freezes you.
The wight hits you from afar with a +0 halberd.
You take 15 damage, and have 23/56 hp.
MASSIVE DAMAGE!!
You are too injured to fight recklessly!
You are too injured to fight recklessly!
You aren't carrying any items that you can evoke.
Unknown command.
You can't drink.
Unknown command.
Okay, then.
You can't see any enemies this would affect, really read the scroll of fear?
Okay, then.
You hit the wight.
The wight is moderately damaged.
The wight hits you with a +2 trident of freezing.
The wight freezes you.
The wight hits you from afar with a +0 halberd.
* * * LOW HITPOINT WARNING * * *
You take 11 damage, and have 12/56 hp.
You closely miss the wight.
The wight is moderately damaged.
The wight hits you with a +2 trident of freezing.
* * * LOW HITPOINT WARNING * * *
The wight hits you but does no damage. The wight closely misses you.
You take 2 damage, and have 10/56 hp.
You hit the wight.
The wight is heavily damaged.
The wight closely misses you.
The wight hits you with a +2 trident of freezing.
* * * LOW HITPOINT WARNING * * *
The wight hits you from afar with a +0 halberd!
You die...

#........
#........
#...z....
#....z...
#.....z..
#........ .
#z....... #.
#z######### #.
######)@........
#.
#.....#(.†....##
#.
#.....#.......#
#.
#.....#.......+
#.
#.....#..(....#
#.
#.....#.......#
#.
#.....#.........
#.
#.....#.........
#. #.....# #.


You could see 2 wights.

Vanquished Creatures
  A wraith (D:5)
  A sky beast (D:6)
  3 ogres
  A howler monkey (D:4)
  A centaur zombie (D:5)
  2 hounds
  A gnoll shaman (D:5)
  An orc priest (D:6)
  An iguana (D:6)
  A hound skeleton (D:4)
  8 gnolls
  9 adders
  An ufetubus (D:5)
  A worm (D:2)
  A dart slug (D:1)
  9 orcs
  9 ball pythons
  15 endoplasms
  4 giant cockroaches
  8 goblins
  7 hobgoblins
  2 jackals (D:1)
  10 kobolds
  3 quokkas
  10 bats
  5 frilled lizards
  8 rats
123 creatures vanquished.

Vanquished Creatures (others)
  5 toadstools (D:1)
5 creatures vanquished.

Grand Total: 128 creatures vanquished

Notes
Turn   | Place    | Note
-------+----------+-------------------------------------------
     0 | D:1      | gimp the Mummy Warper began the quest for the Orb.
     0 | D:1      | Reached XP level 1. HP: 16/16 MP: 4/4
   265 | D:1      | Reached skill level 2 in Maces & Flails
   333 | D:1      | Reached XP level 2. HP: 22/22 MP: 5/5
   795 | D:1      | Reached XP level 3. HP: 28/28 MP: 7/7
  1623 | D:2      | Reached skill level 3 in Maces & Flails
  1758 | D:2      | Reached XP level 4. HP: 34/34 MP: 8/8
  1773 | D:2      | Found a faded altar of an unknown god.
  1778 | D:2      | Noticed an eye of devastation
  1788 | D:2      | Noticed an eye of devastation
  1792 | D:2      | Noticed a great orb of eyes
  1792 | D:2      | Noticed a great orb of eyes
  2794 | D:3      | Reached XP level 5. HP: 41/41 MP: 9/9
  3397 | D:4      | Noticed an ogre
  3411 | D:5      | Entered Level 5 of the Dungeon
  3417 | D:5      | Noticed an ogre
  3425 | D:5      | Killed an ogre
  3426 | D:5      | Reached skill level 4 in Maces & Flails
  3613 | D:5      | Reached XP level 6. HP: 43/48 MP: 10/10
  3644 | D:5      | Found Honithoe's CLEARANCE SALE! EVERYTHING MUST GO!.
  3667 | D:5      | Bought a scroll of noise for 1 gold piece
  3751 | D:5      | HP: 1/48 [gnoll (8)]
  3757 | D:5      | Noticed a wraith
  3897 | D:6      | Identified 3 scrolls of acquirement
  3897 | D:6      | Acquired 1061 gold pieces
  4186 | D:5      | Acquired a +1 morningstar of draining
  4189 | D:5      | Acquired a +0 hat of see invisible
  4278 | D:4      | Reached skill level 5 in Maces & Flails
  4542 | D:4      | Found a staircase to the Ecumenical Temple.
  4554 | Temple   | Entered the Ecumenical Temple
  4627 | Temple   | Became a worshipper of Cheibriados the Contemplative
  4753 | D:5      | Killed a wraith
  4754 | D:5      | Reached XP level 7. HP: 26/55 MP: 11/11
  5164 | D:5      | Found a hazy altar of Hepliaklqana.
  5182 | D:4      | Reached skill level 5 in Fighting
  5195 | D:4      | Reached skill level 6 in Maces & Flails
  5768 | D:6      | Reached * piety under Cheibriados
  5892 | D:6      | Slain by a wight

Illustrated notes

Levels and vault maps discovered:
D:1:      ldierk_walled_garden, layout_basic, corexii_leaking_fountain
D:2:      layout_basic, hellmonk_ecumenical_altar_watching_god,
          guppyfry_early_orc_mine
D:3:      layout_loops_ring
D:4:      layout_gridville, temple_pool_b
D:5:      layout_basic, mainiacjoe_overflow_six_doors_small,
          serial_corexii_hall, corexii_hall_statues_i, corexii_hall_statues_l,
          chequers_hall_statues_corner_a, nicolae_shop_clearance
D:6:      layout_gridville
Temple:   grunt_wide_crystal_templ

Skill      XL: |  1  2  3  4  5  6  7 |
---------------+----------------------+-----
Maces & Flails | 2 3 4 5 6 |  6.8
Fighting       | 3 4 5 |  5.0
Throwing       | |  0.7
Armour         | |  0.7
Dodging        | |  1.5
Spellcasting   | |  2.6
Translocations | |  2.4

Action                   |  1- 3 |  4- 6 |  7- 9 || total
-------------------------+-------+-------+-------++-------
Melee: Mace              |   104 |    65 |       ||   169
       Morningstar       |       |    27 |    51 ||    78
 Fire: Hunting sling     |     4 |    65 |     9 ||    78
Throw: Boomerang         |       |     5 |       ||     5
  Use: Scroll            |       |    11 |     1 ||    12
Armor: Scale mail        |    63 |    14 |       ||    77
       Chain mail        |       |    47 |    36 ||    83
Dodge: Dodged            |    65 |    69 |    47 ||   181
